 Dungeon Crawl Stone Soup version 0.20-a0 (webtiles) character file.

2546 JeffiDaFish the Cleaver (level 9, -1/78 HPs)
             Began as a Hill Orc Fighter on Oct 28, 2016.
             Was a Follower of Beogh.
             Succumbed to Duvessa's poison
             ... on level 6 of the Dungeon.
             The game lasted 00:15:15 (6533 turns).

JeffiDaFish the Cleaver (Hill Orc Fighter)          Turns: 6533, Time: 00:15:15

Health: -1/78      AC: 10    Str: 22    XL:     9   Next: 55%
Magic:  11/11      EV:  7    Int:  8    God:    Beogh [*.....]
Gold:   249        SH: 14    Dex: 10    Spells: 1 memorised, 10 levels left

rFire  . . .     SeeInvis .     a - +2 war axe
rCold  . . .     Gourm    .     k - +0 chain mail
rNeg   . . .     Faith    .     c - +4 shield
rPois  .         Spirit   .     (no helmet)
rElec  .         Reflect  .     (no cloak)
rCorr  .         Harm     .     (no gloves)
MR     .....                    (no boots)
Stlth  ..........               e - amulet of rage
                                (no ring)
                                (no ring)

@: lethally poisoned (-1 -> -25)
A: no striking features
a: Renounce Religion, Evoke Berserk Rage


You were on level 6 of the Dungeon.
You worshipped Beogh.
Beogh was aware of your devotion.
You were very hungry.

You visited 1 branch of the dungeon, and saw 6 of its levels.

You collected 249 gold pieces.

Inventory:

Hand Weapons
 a - a +2 war axe (weapon)
Armour
 c - a +4 shield (worn)
 k - a +0 chain mail (worn)
Jewellery
 e - an amulet of rage (around neck)
Scrolls
 b - 2 scrolls of teleportation
 j - 8 scrolls of identify
 m - a scroll of remove curse
 n - a scroll of recharging
Potions
 h - a potion of brilliance
 l - a potion of haste
Books
 g - a book of Conjurations

   Spells                             Type                      Level
   a - Magic Dart                     Conjuration                  1
   b - Searing Ray                    Conjuration                  2
   c - Dazzling Spray                 Conjuration/Hexes            3
   d - Fulminant Prism                Conjuration/Hexes            4
   e - Iskenderun's Mystic Blast      Conjuration                  4
   f - Iskenderun's Battlesphere      Conjuration/Charms           5
Comestibles
 d - 2 fruits
 f - 4 bread rations
 i - 2 meat rations


   Skills:
 * Level 6.7 Fighting
 + Level 10.1 Axes
 + Level 6.6 Armour
 + Level 2.0 Dodging
 + Level 1.0 Stealth
 + Level 6.9 Shields
 * Level 1.6 Spellcasting
 * Level 2.0 Conjurations


You had 10 spell levels left.
You knew the following spells:

 Your Spells              Type           Power        Failure   Level  Hunger
a - Magic Dart            Conj           #...         100%        1    ##.....


Dungeon Overview and Level Annotations

Branches:
Dungeon (6/15)             Temple (0/1) D:4

Altars:
Cheibriados
Elyvilon
Fedhas
Nemelex Xobeh
Ru
Vehumet
Xom
Zin

Shops:
D:6 %


Message History

* * * LOW HITPOINT WARNING * * *
You feel very sick. You block Dowan's attack. x2
You closely miss Dowan.
Dowan is severely wounded.
* * * LOW HITPOINT WARNING * * *
You feel very sick. Dowan hits you but does no damage.
You block Dowan's attack.
Unknown command.
You closely miss Dowan.
Dowan is severely wounded.
* * * LOW HITPOINT WARNING * * *
You feel very sick. You block Dowan's attack.
You hit Dowan.
You kill Dowan!
Beogh accepts your kill.
* * * LOW HITPOINT WARNING * * *
You feel very sick.
You die...

#.#
#.....................######
#.# #.............##.....##
#.# #.....####.#####.....#
#.# #.....# #.# #.....# #
#.....# #.# #.....# #
####### #.# #.....# #+####
#.# #.....# .....#
######)#####.....# .....#
.......)@...####### .....#
............# #+#
............# ∩.#
###........... ..#
#...........# ∩.#
#...........# ..# #
#...........# ..# .#
#........p..# ..####.#


You could see a neutral freed slave (wandering).

Vanquished Creatures
  Pikel (D:6)
  A water moccasin (D:4)
  Duvessa (D:6)
  2 orc warriors (D:6)
  A slave (D:6)
  3 sky beasts (D:5)
  2 ice beasts
  3 ogres
  A centaur (D:3)
  Dowan (D:6)
  2 scorpions
  3 crimson imps
  2 bullfrog zombies
  A centaur zombie (D:5)
  A quasit (D:5)
  A hound (D:5)
  3 orc wizards
  3 iguanas
  5 worker ants
  2 worker ant zombies (D:5)
  A howler monkey skeleton (D:5)
  An ooze (D:2)
  An adder zombie (D:6)
  An adder skeleton (D:5)
  A worm (D:4)
  9 dart slugs
  3 leopard geckos
  22 orcs
  2 bats (D:1)
  4 giant cockroaches
  13 goblins
  13 hobgoblins
  13 kobolds
  4 quokkas
  A ball python (D:5)
  8 frilled lizards
  A quokka skeleton (D:5)
  9 rats
146 creatures vanquished.

Vanquished Creatures (others)
  An ogre (D:5)
  2 worker ants (D:5)
  An ooze (D:4)
  A leopard gecko (D:4)
  2 orcs
  A jackal skeleton (D:5)
8 creatures vanquished.

Grand Total: 154 creatures vanquished

Notes
Turn   | Place    | Note
-------+----------+-------------------------------------------
     0 | D:1      | JeffiDaFish the Hill Orc Fighter began the quest for the Orb.
     0 | D:1      | Reached XP level 1. HP: 19/19 MP: 1/1
   224 | D:1      | Reached XP level 2. HP: 27/27 MP: 2/2
   707 | D:2      | Reached XP level 3. HP: 32/33 MP: 3/3
   752 | D:2      | Reached skill level 3 in Axes
   764 | D:2      | Found a sparkling altar of Nemelex Xobeh.
   788 | D:2      | Found a snail-covered altar of Cheibriados.
   913 | D:2      | Found a radiant altar of Vehumet.
   914 | D:2      | Found a glowing silver altar of Zin.
  1157 | D:2      | Found a glowing silver altar of Zin.
  1294 | D:3      | Reached XP level 4. HP: 35/40 MP: 4/4
  1344 | D:3      | Noticed a centaur
  1366 | D:3      | Killed a centaur
  1366 | D:3      | Reached skill level 4 in Axes
  1366 | D:3      | Reached XP level 5. HP: 11/47 MP: 5/5
  1616 | D:3      | Found a sacrificial altar of Ru.
  1684 | D:3      | Noticed an ice beast
  1699 | D:3      | Killed an ice beast
  1699 | D:3      | Reached skill level 5 in Axes
  1699 | D:3      | Reached XP level 6. HP: 19/53 MP: 6/6
  2680 | D:4      | Found a white marble altar of Elyvilon.
  2728 | D:4      | Found a staircase to the Ecumenical Temple.
  2782 | D:4      | Became a worshipper of Beogh the Brigand
  2986 | D:4      | Reached skill level 6 in Axes
  2986 | D:4      | Reached skill level 1 in Dodging
  3181 | D:4      | Reached XP level 7. HP: 35/60 MP: 7/7
  3451 | D:4      | Reached * piety under Beogh
  3486 | D:4      | Reached skill level 5 in Fighting
  3889 | D:4      | Reached skill level 7 in Axes
  3906 | D:5      | Entered Level 5 of the Dungeon
  3936 | D:5      | Reached skill level 5 in Shields
  3992 | D:5      | Reached skill level 5 in Armour
  3992 | D:5      | Reached skill level 1 in Stealth
  4256 | D:5      | Found a shimmering altar of Xom.
  4262 | D:5      | Reached XP level 8. HP: 68/68 MP: 8/8
  4308 | D:5      | Found a blossoming altar of Fedhas.
  4500 | D:5      | Reached skill level 8 in Axes
  5018 | D:5      | Reached skill level 9 in Axes
  5588 | D:6      | Found Ydghazxuss's Food Emporium.
  5614 | D:6      | HP: 1/70 [orc warrior/glaive (4)]
  5615 | D:6      | Reached XP level 9. HP: 1/75 MP: 9/9
  5973 | D:6      | Learned a level 1 spell: Magic Dart
  6102 | D:6      | Reached skill level 1 in Conjurations
  6167 | D:6      | Reached ** piety under Beogh
  6479 | D:6      | Noticed Pikel
  6484 | D:6      | Noticed Dowan
  6485 | D:6      | Noticed Duvessa
  6505 | D:6      | Killed Pikel
  6505 | D:6      | Reached skill level 10 in Axes
  6505 | D:6      | Reached skill level 1 in Spellcasting
  6526 | D:6      | Killed Duvessa
  6532 | D:6      | Killed Dowan
  6532 | D:6      | HP: 1/78 [poisoned by Duvessa]
  6533 | D:6      | Succumbed to Duvessa's poison

Vault maps used:
D:1:      scummos_arrival_simple_crosswalls
D:2:      nicolae_overflow_crystal_walls, lemuel_crystal_altar,
          nicolae_overflow_hidden_temple, first_bread, lemuel_tele_altar
D:3:      kennysheep_slugbush, lemuel_doored_altar
D:4:      corexii_shack_village, elyvilon_altar_1,
          hangedman_abyss_or_decor_stabs
D:5:      lemuel_crystal_altar, xom_confusion_cloud
D:6:      serial_shops, nicolae_shop_competitors_out_of_business, uniq_duvessa,
          uniq_pikel

Skill      XL: |  1  2  3  4  5  6  7  8  9 |
---------------+----------------------------+-----
Fighting       | 4 5 6 |  6.7
Axes           | 3 4 5 6 7 9 10 | 10.1
Armour         | 4 5 6 |  6.6
Shields        | 4 5 6 |  6.9
Dodging        | 1 2 |  2.0
Stealth        | 1 |  1.0
Conjurations   | 2 |  2.0
Spellcasting   | 1 |  1.6

Action                   |  1- 3 |  4- 6 |  7- 9 || total
-------------------------+-------+-------+-------++-------
Melee: War axe           |   110 |   137 |   340 ||   587
Invok: Convert to Beogh  |       |     1 |       ||     1
  Use: Scroll            |     8 |     4 |     4 ||    16
       Potion            |     4 |     2 |     5 ||    11
  Eat: Chunk             |     2 |     6 |     1 ||     9
       Bread ration      |       |       |     2 ||     2
Armor: Scale mail        |    44 |    11 |       ||    55
       Chain mail        |       |    19 |   128 ||   147
Dodge: Dodged            |    27 |    30 |    60 ||   117
Block: Shield            |    61 |   100 |   212 ||   373
